 Dungeon Crawl Stone Soup version 0.28-a0-998-gb9e9c7b67e (webtiles) character file.

Game seed: 17558724731748660198

284 ytrimaz the Covered (level 6, 0/49 HPs)
             Began as a Formicid Fighter on Dec 5, 2021.
             Was a Plaything of Xom.
             Slain by a ball python (2 damage)
             ... on level 4 of the Dungeon.
             The game lasted 00:03:39 (3481 turns).

ytrimaz the Covered (Formicid Fighter)              Turns: 3481, Time: 00:03:40

Health: 0/49       AC:  8    Str: 23    XL:     6   Next: 55%
Magic:  6/6        EV:  6    Int:  7    God:    Xom [.*....]
Gold:   126        SH:  4    Dex: 10    Spells: 5/5 levels left

rFire   . . .      SeeInvis +   a - +0 war axe
rCold   + . .      Faith    .   c - +0 buckler
rNeg    . . .      Spirit   .   b - +0 scale mail
rPois   +          Reflect  .   (helmet unavailable)
rElec   .          Harm     .   (no cloak)
rCorr   .          Rampage  .   g - +0 pair of gloves
Will    .....                   (no boots)
Stlth   ..........              (no amulet)
HPRegen 0.00/turn               e - ring of protection from cold
MPRegen 0.10/turn               (no ring)

@: brilliant, inhibited regen, constricted
A: permanent stasis, dig shafts and tunnels, antennae 3, four strong arms,
poison resistance, inhibited regeneration
a: Dig, Shaft Self, Renounce Religion


You were on level 4 of the Dungeon.
You worshipped Xom.
You were a plaything of Xom.
You visited 1 branch of the dungeon, and saw 4 of its levels.

You collected 126 gold pieces.

Inventory:

Hand Weapons
 a - a +0 war axe (weapon)
Armour
 b - a +0 scale mail (worn)
 c - a +0 buckler (worn)
 g - a +0 pair of gloves (worn)
Jewellery
 e - a ring of protection from cold (left hand)
 n - a ring of wizardry
Wands
 q - a wand of polymorph (5)
Scrolls
 f - a scroll of enchant armour
 h - 2 scrolls of immolation
 k - a scroll of amnesia
 o - a scroll of teleportation {unknown}
 r - a scroll of magic mapping {unknown}
Potions
 d - a potion of might
 i - 2 potions of lignification
 m - a potion of heal wounds


   Skills:
 + Level 4.4 Fighting
 + Level 4.6 Axes
 + Level 5.0 Armour
 - Level 3.6 Shields


You had 5 spell levels left.
You didn't know any spells.
Your spell library was empty.

Dungeon Overview and Level Annotations

Branches:
Dungeon (4/15)
 Temple: D:4-7

Altars:
Hepliaklqana
Xom

Annotations:
D:4 Blork the orc


Innate Abilities, Weirdness & Mutations

You cannot be hasted, slowed, berserked, paralysed or teleported.
You can dig through walls and to a lower floor.
You have a pair of large antennae on your head. (SInv)
Your four strong arms can wield two-handed weapons with a shield.
Your system is resistant to poisons. (rPois)
You do not regenerate when monsters are visible.


Message History

Blork the orc seems to speed up.
You slash Blork the orc!
Blork the orc is severely wounded.
Blork the orc hits you but does no damage.
Blork the orc barely misses you.
You barely miss Blork the orc.
Blork the orc is severely wounded.
Blork the orc points at you and mumbles some strange words.
The puff of frost misses you. Blork the orc barely misses you.
You hit Blork the orc.
Blork the orc is severely wounded.
You barely miss the endoplasm.
Blork the orc hits you with a +0 long sword.
The endoplasm closely misses you.
Blork the orc hits you with a +0 long sword.
The ball python completely misses you. The ball python grabs you.
The ball python constricts you.
You closely miss Blork the orc.
Blork the orc is severely wounded.
You hit the endoplasm. You hit the ball python.
The endoplasm hits you but does no damage.
Blork the orc hits you with a +0 long sword.
The ball python bites you but does no damage.
The ball python constricts you.
The endoplasm hits you but does no damage.
Blork the orc hits you with a +0 long sword.
* * * LOW HITPOINT WARNING * * *
You barely miss Blork the orc.
Blork the orc is severely wounded.
You hit the endoplasm.
You kill the endoplasm!
You hit the ball python but do no damage.
The ball python bites you.
* * * LOW HITPOINT WARNING * * *
The ball python constricts you. Blork the orc casts a spell at you.
The puff of flame hits you!
* * * LOW HITPOINT WARNING * * *
The ball python bites you.
You die...

........#
#######.## ##.#
... #.## .... ##
##..#.....
#.##....P§...
#..#.P.......
#.#...§......
#@#.§.......
#..o§S.§§..P...
#........P.#P....
#.....!...§......
#...<....P....##.#
..........P...#
..............#
..............#


You could see Blork the orc (fast) and a ball python.

Vanquished Creatures
  A centaur skeleton (D:4)
  A bullfrog skeleton (D:4)
  Jessica (D:2)
  An iguana (D:4)
  2 orc wizards (D:4)
  Terence (D:3)
  3 adders
  2 adder skeletons
  A worm (D:3)
  3 dart slugs
  2 orcs (D:4)
  6 ball pythons
  5 endoplasms
  2 giant cockroaches
  8 goblins
  7 hobgoblins
  A quokka (D:1)
  7 bats
  2 frilled lizards (D:1)
  10 kobolds
  A quokka skeleton (D:4)
  2 rats
69 creatures vanquished.

Vanquished Creatures (others)
  2 plants (D:4)
2 creatures vanquished.

Grand Total: 71 creatures vanquished

Notes
Turn   | Place    | Note
-------+----------+-------------------------------------------
     0 | D:1      | ytrimaz the Formicid Fighter began the quest for the Orb.
     0 | D:1      | Reached XP level 1. HP: 18/18 MP: 1/1
   210 | D:1      | Reached XP level 2. HP: 24/24 MP: 2/2
   224 | D:1      | Found a faded altar of an unknown god.
   277 | D:1      | Prayed at the altar of an unknown god.
   277 | D:1      | Became a worshipper of Xom of Chaos
   687 | D:1      | XOM: cast spell 'Olgreb's Toxic Radiance'
   735 | D:1      | XOM: enchant monster (bad)
   744 | D:1      | Reached XP level 3. HP: 20/30 MP: 3/3
  1107 | D:1      | Gained mutation: You are agile. (Dex +2) [potion of
                  | mutation]
  1107 | D:1      | Gained mutation: You do not regenerate when monsters are
                  | visible. [potion of mutation]
  1259 | D:2      | XOM: divination: detect creatures
  1314 | D:2      | Noticed Jessica
  1326 | D:2      | Killed Jessica
  1327 | D:2      | Reached skill level 4 in Armour
  1327 | D:2      | Reached XP level 4. HP: 36/37 MP: 4/4
  1509 | D:2      | XOM: divination: detect items
  1579 | D:2      | XOM: divination: detect creatures
  1720 | D:3      | Noticed Terence
  1732 | D:3      | Killed Terence
  1733 | D:3      | Reached XP level 5. HP: 22/42 MP: 5/5
  1936 | D:3      | XOM: silly message
  2293 | D:3      | XOM: silly message
  2631 | D:4      | XOM: divination: detect creatures
  2641 | D:4      | Reached XP level 6. HP: 35/48 MP: 6/6
  2695 | D:4      | XOM: divination: detect creatures
  2964 | D:4      | XOM: silly message
  3014 | D:4      | XOM: smoke on damage
  3202 | D:4      | XOM: give mutations
  3202 | D:4      | Gained mutation: Your system is resistant to poisons.
                  | (rPois) [Xom's mischief]
  3202 | D:4      | Lost mutation: You are agile. (Dex +2) [Xom's mischief]
  3459 | D:4      | Reached skill level 5 in Armour
  3460 | D:4      | Found a hazy altar of Hepliaklqana.
  3472 | D:4      | Noticed Blork the orc
  3475 | D:4      | XOM: divination: detect items
  3481 | D:4      | HP: 2/49 [Blork the orc/puff of flame (9)]
  3481 | D:4      | Slain by a ball python

Illustrated notes

Levels and vault maps discovered:
D:1:      dpeg_arrival_pits, layout_basic, hellmonk_ecumenical_altar_zigzags,
          serial_curves, eino_curves_04, eino_curves_02, chequers_jeans,
          minmay_indecisive_spiral
D:2:      layout_rooms, uniq_jessica
D:3:      layout_basic, minmay_misc_feat_columns, uniq_terence
D:4:      layout_cave_pods, nicolae_hepliaklqana_hazy_memory, uniq_blork_the_orc

Skill      XL: |  1  2  3  4  5  6 |
---------------+-------------------+-----
Axes           | 3 4 |  4.6
Armour         | 4 5 |  5.0
Fighting       | 4 |  4.4
Shields        | |  3.6

Action                   |  1- 3 |  4- 6 || total
-------------------------+-------+-------++-------
Melee: War axe           |    75 |   132 ||   207
  Use: Scroll            |     1 |     4 ||     5
       Potion            |     1 |     4 ||     5
Armor: Scale mail        |    34 |    71 ||   105
Dodge: Dodged            |    35 |    74 ||   109
Block: Buckler           |    30 |    35 ||    65

Table legend: (Time is in decaauts)
 A = Elapsed time spent in this place.
 B = Non-inter-level travel time spent in this place.
 C = Inter-level travel time spent in this place.
 D = Time resting spent in this place.
 E = Time spent auto-exploring this place.
 F = Levels seen in this place.
 G = Mean time per level.
                   A        B        C        D        E       F      G
               +--------+--------+--------+--------+--------+-----+--------+
         Total |   3548 |   3486 |     62 |    409 |   2408 |   4 |  887.0 |
       Dungeon |   3548 |   3486 |     62 |    409 |   2408 |   4 |  887.0 |
               +--------+--------+--------+--------+--------+-----+--------+

Top non-repeatable levels by time:
     D:1: 1257 daAuts
     D:4: 1002 daAuts
     D:3: 790 daAuts
     D:2: 498 daAuts
